[Event "ICC tourney 2594 (40 10)"]
[Site "Internet Chess Club"]
[Date "2021.06.05"]
[Round "1"]
[White "WANG, YUANZHE:yogokings12"]
[Black "Manley, Nicholas:NickManley1987"]
[Result "1-0"]
[ICCResult "Black resigns"]
[WhiteElo "1588"]
[BlackElo "1366"]
[Opening "KGD: classical, 4.c3"]
[ECO "C30"]
[NIC "KG.05"]
[Time "11:33:34"]
[PlyCount "59"]
[TimeControl "2400+10"]

1. e4 e5 2. f4 Bc5 3. Nf3 d6 4. c3 Nf6 5. fxe5 Nxe4 6. Qa4+ Bd7 7. Qxe4 O-O
8. d4 d5 9. Qc2 Bb6 10. Bd3 h6 11. O-O Qe7 12. Kh1 c5 13. Be3 Nc6 14. Qf2
cxd4 15. cxd4 Rac8 16. Nc3 Nb4 17. Bb1 Rfd8 18. a3 Rxc3 19. bxc3 Na6 20.
Bd3 Rc8 21. Rfc1 Ba5 22. c4 dxc4 23. Rxc4 Rxc4 24. Bxc4 b5 25. Bb3 Bc3 26.
Ra2 b4 27. a4 Bc6 28. Bd2 Bb7 29. h3 Qd7 30. Rc2 { Black resigns } 1-0

[Event "ICC tourney 2594 (40 10)"]
[Site "Internet Chess Club"]
[Date "2021.06.05"]
[Round "1"]
[White "CAO, RAY:rcww2020"]
[Black "Hanke, Harvey:ThinkingPanda"]
[Result "1-0"]
[ICCResult "Black checkmated"]
[WhiteElo "1675"]
[BlackElo "1464"]
[Opening "Vienna game"]
[ECO "C28"]
[NIC "IG.04"]
[Time "11:35:01"]
[PlyCount "49"]
[TimeControl "2400+10"]

1. e4 e5 2. Bc4 Nc6 3. Nc3 Nf6 4. d3 Bb4 5. Ne2 d5 6. exd5 Nxd5 7. O-O Bxc3
8. Nxc3 Nxc3 9. bxc3 Bf5 10. Qf3 Qd7 11. Ba3 O-O-O 12. Bb5 Be6 13. Rfe1 Bd5
14. Qg3 f6 15. c4 Be6 16. Rab1 h5 17. Rb2 h4 18. Qe3 a6 19. Ba4 Qe8 20.
Reb1 b6 21. Rxb6 cxb6 22. Qxb6 Qf7 23. Bxc6 Qc7 24. Qxa6+ Qb7 25. Qxb7# {
Black checkmated } 1-0

[Event "ICC tourney 2594 (40 10)"]
[Site "Internet Chess Club"]
[Date "2021.06.05"]
[Round "1"]
[White "Musku, Himani:Chess121"]
[Black "LAUSER, JESSICA T:Shakhmatova"]
[Result "0-1"]
[ICCResult "White resigns"]
[WhiteElo "1469"]
[BlackElo "1691"]
[Opening "Queen's pawn: London system"]
[ECO "A45"]
[NIC "QP.07"]
[Time "11:33:34"]
[PlyCount "72"]
[TimeControl "2400+10"]

1. d4 Nf6 2. Bf4 d6 3. e3 g6 4. h3 Bg7 5. Nf3 c6 6. c3 Nbd7 7. Nbd2 Qc7 8.
Bh2 O-O 9. Bc4 e5 10. dxe5 Nxe5 11. Bxe5 dxe5 12. e4 b5 13. Bb3 Nh5 14. g3
a5 15. Qe2 a4 16. Bc2 f5 17. c4 b4 18. exf5 gxf5 19. O-O e4 20. Ng5 Nf6 21.
c5 Nd5 22. h4 Bd4 23. Qc4 Qxg3+ 24. Kh1 Qxh4+ 25. Kg2 Qxg5+ 26. Kh1 Qh4+
27. Kg2 Be5 28. Rh1 Qg5+ 29. Kf1 Qxd2 30. Rg1+ Kh8 31. Rd1 Qh6 32. Qe2 Ba6
33. Bd3 Qh3+ 34. Ke1 Bxd3 35. Qd2 Bf4 36. Qxf4 Nxf4 { White resigns } 0-1

[Event "ICC tourney 2594 (40 10)"]
[Site "Internet Chess Club"]
[Date "2021.06.05"]
[Round "1"]
[White "SHAMIRIAN, VARTAN:bluegreenz"]
[Black "SULTAN, BASHIR Cisse:muzikmixer"]
[Result "0-1"]
[ICCResult "White checkmated"]
[WhiteElo "1758"]
[BlackElo "1558"]
[Opening "Pirc defense"]
[ECO "B07"]
[NIC "PU.08"]
[Time "11:33:33"]
[PlyCount "60"]
[TimeControl "2400+10"]

1. d4 d6 2. e4 Nf6 3. f3 e5 4. dxe5 dxe5 5. Qxd8+ Kxd8 6. Bg5 Be6 7. Nd2
Nd7 8. O-O-O Be7 9. Bb5 c6 10. Bxf6 Bxf6 11. Ba4 Kc7 12. Bb3 Nc5 13. Bxe6
Nxe6 14. Nc4 b5 15. Ne3 Bg5 16. Re1 Nf4 17. g3 Ng2 18. f4 exf4 19. Nxg2 f3+
20. Ne3 f2 21. Nh3 fxe1=Q+ 22. Rxe1 Bh6 23. Kb1 Rad8 24. Nf5 Rd2 25. Nxh6
Rhd8 26. Kc1 gxh6 27. e5 Rxh2 28. Nf4 Rdd2 29. e6 Rxc2+ 30. Kd1 Rhd2# {
White checkmated } 0-1

[Event "ICC tourney 2594 (40 10)"]
[Site "Internet Chess Club"]
[Date "2021.06.05"]
[Round "1"]
[White "MOSS, MARVIN:mmoss2932"]
[Black "ATLURI, PRATHIK:ChessStar22"]
[Result "1-0"]
[ICCResult "Black checkmated"]
[WhiteElo "1614"]
[BlackElo "1432"]
[Opening "QGD Slav: 4.Nc3"]
[ECO "D15"]
[NIC "SL.03"]
[Time "11:36:21"]
[PlyCount "173"]
[TimeControl "2400+10"]

1. d4 c6 2. c4 d5 3. Nc3 Nf6 4. Nf3 Bg4 5. e3 e6 6. Be2 Be7 7. Qb3 b6 8.
Ne5 Bxe2 9. Nxe2 dxc4 10. Qxc4 c5 11. O-O O-O 12. b3 Bd6 13. Bb2 cxd4 14.
Bxd4 Bxe5 15. Bxe5 Nbd7 16. Bd6 Re8 17. Rac1 Qc8 18. Qb5 Qb7 19. Rc7 Qd5
20. Qxd5 exd5 21. Rfc1 Ne5 22. Bxe5 Rxe5 23. Nd4 Ree8 24. Rb7 Rec8 25. Rcc7
Rxc7 26. Rxc7 a6 27. Kf1 b5 28. Ke2 b4 29. Nc6 a5 30. f3 d4 31. e4 Ne8 32.
Ra7 Rxa7 33. Nxa7 Nd6 34. Nc6 Nb5 35. Nxa5 Nc3+ 36. Kd3 Nxa2 37. Kxd4 f6
38. Kc4 Nc1 39. Nc6 g5 40. Nxb4 h5 41. Nd5 Nxb3 42. Kxb3 Kf7 43. Kc4 Ke6
44. Kd4 h4 45. h3 f5 46. exf5+ Kxf5 47. Ke3 Ke5 48. Nc3 Kf5 49. Ne2 Ke5 50.
Kd3 Kd5 51. Nc3+ Ke5 52. Ke3 Kf5 53. Ne4 Kg6 54. Nd6 Kf6 55. Ke4 Ke6 56.
Nc4 Kf6 57. Ne3 Kg6 58. Ke5 Kg7 59. Kf5 Kh6 60. Ng4+ Kh5 61. Nf6+ Kh6 62.
Ne4 Kh5 63. Nxg5 Kh6 64. Kg4 Kg6 65. Kxh4 Kf5 66. g3 Kg6 67. Kg4 Kf6 68. h4
Kg6 69. h5+ Kh6 70. f4 Kg7 71. f5 Kh6 72. Ne4 Kg7 73. Kg5 Kh7 74. f6 Kg8
75. Kg6 Kh8 76. h6 Kg8 77. f7+ Kf8 78. h7 Ke7 79. h8=Q Ke6 80. Qe8+ Kd5 81.
f8=Q Kd4 82. Qf2+ Kd3 83. Qd2+ Kc4 84. Qc6+ Kb3 85. Qdc3+ Ka2 86. Qa4+ Kb1
87. Qac2# { Black checkmated } 1-0

[Event "ICC tourney 2594 (40 10)"]
[Site "Internet Chess Club"]
[Date "2021.06.05"]
[Round "1"]
[White "EISENMAN, KATHERINE:kgeisenman32"]
[Black "NISONOFF, ROBERT:Fizz44"]
[Result "1/2-1/2"]
[ICCResult "Game drawn by mutual agreement"]
[WhiteElo "1522"]
[BlackElo "1751"]
[Opening "QGD Slav: Slav gambit"]
[ECO "D15"]
[NIC "SL.03"]
[Time "11:33:34"]
[PlyCount "108"]
[TimeControl "2400+10"]

1. d4 c6 2. c4 d5 3. Nc3 Nf6 4. Nf3 dxc4 5. e4 b5 6. Bg5 Bg4 7. Be2 Qa5 8.
O-O Bxf3 9. Bxf3 b4 10. Bxf6 bxc3 11. Bh4 cxb2 12. Rb1 c3 13. Qb3 Nd7 14.
Bg3 e6 15. Rfe1 Bb4 16. Rf1 O-O 17. Bd1 e5 18. dxe5 Nc5 19. Qc4 Rad8 20.
Bf4 Ne6 21. Be3 c5 22. f4 Nd4 23. f5 c2 24. Bxc2 Nxc2 25. Qxc2 Bc3 26. Qb3
Rd3 27. Bf2 Rfd8 28. e6 fxe6 29. Qxe6+ Kh8 30. e5 Qb6 31. Qc4 Bd4 32. Bxd4
R3xd4 33. Qc3 Rd2 34. e6 c4+ 35. Kh1 Qb7 36. Rg1 Qe4 37. Rxb2 Rxb2 38. Qxb2
Qxf5 39. e7 Re8 40. Re1 Qf7 41. Qe5 h6 42. h3 Kg8 43. Qe3 a5 44. Qa7 Qd5
45. Qe3 a4 46. Qf4 a3 47. Qe3 Qd3 48. Qxd3 cxd3 49. Rd1 Rxe7 50. Rxd3 Ra7
51. Kg1 Kf7 52. Kf2 Ke6 53. Ke2 Ra4 54. Kd2 Ke5 { Game drawn by mutual
agreement } 1/2-1/2

[Event "ICC tourney 2594 (40 10)"]
[Site "Internet Chess Club"]
[Date "2021.06.05"]
[Round "1"]
[White "TREUSDELL, ROSS G:IveDoneEnough"]
[Black "SHANMUGAM, MEERA:artistqueen"]
[Result "1-0"]
[ICCResult "Black checkmated"]
[WhiteElo "1682"]
[BlackElo "1468"]
[Opening "King's gambit"]
[ECO "C30"]
[NIC "KG.05"]
[Time "12:01:56"]
[PlyCount "83"]
[TimeControl "2400+10"]

1. e4 e5 2. f4 Nc6 3. Nf3 f5 4. exf5 e4 5. Ne5 Nxe5 6. fxe5 Qe7 7. d4 exd3
8. Bxd3 Qxe5+ 9. Kf2 Bc5+ 10. Kf1 Nf6 11. Qe2 Qxe2+ 12. Kxe2 d5 13. Re1 O-O
14. h3 Re8+ 15. Kf1 Ne4 16. Bxe4 dxe4 17. g4 Bd7 18. Bf4 Rac8 19. Nc3 e3
20. Rad1 Bc6 21. Rd3 Bb4 22. Rexe3 Bxc3 23. Rxc3 Bb5+ 24. Kf2 c6 25. b3
Red8 26. Re7 Ba6 27. Be5 Rd2+ 28. Kf3 Kf8 29. Rxg7 Re8 30. Bf6 Be2+ 31. Kf4
Rd6 32. Kg5 h6+ 33. Kg6 Ba6 34. Rh7 Rxf6+ 35. Kxf6 Kg8 36. Re7 Rxe7 37.
Kxe7 Kg7 38. f6+ Kg8 39. f7+ Kh7 40. f8=Q Bb5 41. Kf6 Be2 42. Qg7# { Black
checkmated } 1-0

[Event "ICC tourney 2594 (40 10)"]
[Site "Internet Chess Club"]
[Date "2021.06.05"]
[Round "1"]
[White "ZHANG, FRED:Fredzhang"]
[Black "WEI, ROBERT FANJUN:CaptureFunny"]
[Result "1-0"]
[ICCResult "Black resigns"]
[WhiteElo "1570"]
[BlackElo "750"]
[Opening "Sicilian"]
[ECO "B56"]
[NIC "SI.25"]
[Time "12:06:43"]
[PlyCount "57"]
[TimeControl "2400+10"]

1. e4 c5 2. Nf3 d6 3. d4 cxd4 4. Nxd4 Nf6 5. Nc3 Nc6 6. Be3 e5 7. Nb3 Be6
8. Bb5 Rc8 9. Bxa7 b6 10. a4 Qc7 11. Bxc6+ Qxc6 12. a5 bxa5 13. Qd3 Bc4 14.
Qe3 Ng4 15. Qg3 Nf6 16. Nxa5 Qa6 17. Be3 d5 18. Qxe5+ Be7 19. exd5 Nxd5 20.
Nxc4 Qxa1+ 21. Kd2 Qxh1 22. Nd6+ Kf8 23. Nxd5 Rc7 24. Nxc7 Qxg2 25. Nd5
Qxd5+ 26. Qxd5 Bxd6 27. Qxd6+ Ke8 28. Qb8+ Kd7 29. Qxh8 { Black resigns }
1-0

[Event "ICC tourney 2594 (40 10)"]
[Site "Internet Chess Club"]
[Date "2021.06.05"]
[Round "1"]
[White "KUNAMNENI, MEGHANA:msk2018"]
[Black "GRESEN, EVAN MICHAEL:EVMIGR"]
[Result "0-1"]
[ICCResult "White checkmated"]
[WhiteElo "1437"]
[BlackElo "1628"]
[Opening "Réti: King's Indian attack (Barcza system)"]
[ECO "A07"]
[NIC "QP.09"]
[Time "11:33:47"]
[PlyCount "110"]
[TimeControl "2400+10"]

1. Nf3 d5 2. g3 Nf6 3. Bg2 e5 4. O-O e4 5. Ne1 Be6 6. f3 Qd7 7. fxe4 dxe4
8. Nc3 Bh3 9. d3 Bc5+ 10. Kh1 e3 11. Rf3 O-O 12. Bxe3 Bxe3 13. Rxe3 Nc6 14.
Rf3 Nd4 15. Rf1 Bxg2+ 16. Nxg2 Qh3 17. Nf4 Qh6 18. e3 Nf5 19. Ng2 Nxg3+ 20.
Kg1 Nxf1 21. Qxf1 Ng4 22. Qf4 Qxf4 23. exf4 Rfe8 24. Ne4 f5 25. Nc3 Ne3 26.
Nxe3 Rxe3 27. Nd5 Re2 28. Nxc7 Rc8 29. Nb5 Rcxc2 30. Rd1 Rxb2 31. Nxa7 Rxa2
32. Nb5 Rxh2 33. d4 Rag2+ 34. Kf1 Rf2+ 35. Kg1 Rfg2+ 36. Kf1 Rh1+ 37. Kxg2
Rxd1 38. Kf3 Kf8 39. Ke2 Rb1 40. Nd6 g6 41. Kd3 Ke7 42. Nc8+ Kd7 43. Na7 h5
44. d5 h4 45. Ke3 Rg1 46. Kf2 Rg4 47. Kf3 h3 48. Kf2 h2 49. Kf3 h1=Q+ 50.
Kf2 Qh4+ 51. Kf1 Rxf4+ 52. Ke2 Qh2+ 53. Kd3 Qg3+ 54. Kc2 Rf2+ 55. Kd1 Qg1#
{ White checkmated } 0-1

[Event "ICC tourney 2594 (40 10)"]
[Site "Internet Chess Club"]
[Date "2021.06.05"]
[Round "1"]
[White "Li, Jingtu Oscar:ZYCON"]
[Black "KASHYAP, MANISH B:mnm2"]
[Result "0-1"]
[ICCResult "White resigns"]
[WhiteElo "1423"]
[BlackElo "1609"]
[Opening "QGD"]
[ECO "D30"]
[NIC "QP.08"]
[Time "11:33:34"]
[PlyCount "116"]
[TimeControl "2400+10"]

1. d4 d5 2. c4 e6 3. Nf3 Nf6 4. Bg5 Be7 5. e3 O-O 6. Bd3 h6 7. Bh4 c6 8.
O-O dxc4 9. Bxc4 Nbd7 10. Nc3 Nb6 11. Bd3 Bd7 12. Ne5 Nfd5 13. Bxe7 Qxe7
14. Nxd7 Nxd7 15. Nxd5 cxd5 16. Rc1 Rac8 17. Qd2 Rfd8 18. Rc2 Rxc2 19. Qxc2
Nb6 20. Rc1 g6 21. Qc7 Qxc7 22. Rxc7 Rc8 23. Rxc8+ Nxc8 24. Kf1 Kf8 25. Ke2
Ke7 26. Kd2 Nd6 27. Kc3 g5 28. f3 f5 29. h3 h5 30. a4 h4 31. b4 Kf6 32. b5
e5 33. Kb4 b6 34. a5 f4 35. exf4 exd4 36. axb6 axb6 37. Kb3 gxf4 38. Kb4
Ke5 39. Kb3 Nf5 40. Bxf5 Kxf5 41. Kc2 Ke6 42. Kb3 Ke5 43. Kc2 Kd6 44. Kd2
Kc5 45. Kd3 Kxb5 46. Kxd4 Kc6 47. Ke5 Kc5 48. Kf5 d4 49. Kxf4 Kc4 50. Kg4
d3 51. f4 d2 52. f5 d1=Q+ 53. Kg5 Qd8+ 54. f6 Qf8 55. Kg6 b5 56. f7 b4 57.
Kh5 Qxf7+ 58. Kxh4 b3 { White resigns } 0-1

[Event "ICC tourney 2594 (40 10)"]
[Site "Internet Chess Club"]
[Date "2021.06.05"]
[Round "1"]
[White "AMBATI, JASWANT REDDY:AJRChess2011"]
[Black "THOMAS, MICHAEL G:chesslin"]
[Result "1-0"]
[ICCResult "Black resigns"]
[WhiteElo "1510"]
[BlackElo "1728"]
[Opening "Pirc: classical (two knights) system"]
[ECO "B06"]
[NIC "PU.10"]
[Time "12:07:26"]
[PlyCount "65"]
[TimeControl "2400+10"]

1. e4 g6 2. d4 Bg7 3. Nf3 d6 4. Nc3 Nf6 5. Bc4 O-O 6. O-O Bg4 7. Re1 Nc6 8.
d5 Bxf3 9. Qxf3 Ne5 10. Qe2 c6 11. Bb3 a5 12. a4 Re8 13. f4 Neg4 14. h3 Nh6
15. dxc6 bxc6 16. g4 Qd7 17. e5 dxe5 18. fxe5 Nfxg4 19. hxg4 Nxg4 20. e6
Qd4+ 21. Be3 Nxe3 22. exf7+ Kh8 23. fxe8=Q+ Rxe8 24. Qxe3 Qg4+ 25. Kh2 Rd8
26. Rad1 Qh4+ 27. Qh3 Qf2+ 28. Kh1 Rd2 29. Rf1 Rxd1 30. Rxd1 Be5 31. Rd8+
Kg7 32. Rg8+ Kf6 33. Rf8+ { Black resigns } 1-0

[Event "ICC tourney 2594 (40 10)"]
[Site "Internet Chess Club"]
[Date "2021.06.05"]
[Round "1"]
[White "DINESH, ABINAV:abi2009"]
[Black "WANG, KEVIN:Deepbrainfinal"]
[Result "1-0"]
[ICCResult "Black resigns"]
[WhiteElo "1667"]
[BlackElo "1448"]
[Opening "Sicilian: Najdorf, Byrne (English) attack"]
[ECO "B90"]
[NIC "SI.14"]
[Time "12:06:43"]
[PlyCount "91"]
[TimeControl "2400+10"]

1. e4 c5 2. Nf3 d6 3. d4 cxd4 4. Nxd4 Nf6 5. Nc3 a6 6. Be3 e6 7. f3 Nc6 8.
Bc4 Be7 9. O-O O-O 10. Qd2 Bd7 11. Rad1 Rc8 12. Bb3 Re8 13. f4 e5 14. Nf5
Bxf5 15. exf5 exf4 16. Bxf4 Bf8 17. Nd5 Ne5 18. Bg5 Ne4 19. Bxd8 Nxd2 20.
Rxd2 Rexd8 21. f6 g6 22. Rdf2 Re8 23. Re2 Nc6 24. Ne7+ Bxe7 25. fxe7 Ne5
26. Rxe5 dxe5 27. Rxf7 Kh8 28. Be6 Rb8 29. Kf2 Kg8 30. Kg3 b5 31. Kg4 h6
32. h4 Rb6 33. Bd5 Rd6 34. Rf8+ Kg7 35. Rxe8 h5+ 36. Kh3 Kf6 37. Rd8 Kxe7
38. Rxd6 Kxd6 39. Bf7 a5 40. Bxg6 b4 41. Bxh5 Kc5 42. Bg6 Kd4 43. h5 e4 44.
Bxe4 Kxe4 45. h6 Ke3 46. h7 { Black resigns } 1-0

[Event "ICC tourney 2594 (40 10)"]
[Site "Internet Chess Club"]
[Date "2021.06.05"]
[Round "1"]
[White "TREY, JUSTIN:Justin-T"]
[Black "XIAO, MARINA:marinaxiao"]
[Result "0-1"]
[ICCResult "White resigns"]
[WhiteElo "1695"]
[BlackElo "1481"]
[Opening "QGA: classical variation, 6.O-O"]
[ECO "D26"]
[NIC "QG.03"]
[Time "12:06:43"]
[PlyCount "66"]
[TimeControl "2400+10"]

1. d4 d5 2. c4 dxc4 3. e3 Nf6 4. Bxc4 e6 5. Nf3 c5 6. O-O Nc6 7. b3 cxd4 8.
exd4 Be7 9. Bb2 O-O 10. Nc3 a6 11. Re1 b5 12. Bd3 Bb7 13. Qe2 Nb4 14. Rad1
Nbd5 15. Nxd5 Nxd5 16. g3 Bb4 17. Qe4 g6 18. Nd2 Rb8 19. Qe2 Bc3 20. Ne4
Bxe1 21. Qxe1 Nf6 22. d5 Nxe4 23. dxe6 Qe7 24. Bxe4 Bxe4 25. Qxe4 Qxe6 26.
Qxe6 fxe6 27. Rd7 Rf7 28. Rd6 Rc8 29. Rxa6 Rc2 30. Bd4 e5 31. Bxe5 Rfxf2
32. g4 Rfe2 33. Ra8+ Kf7 { White resigns } 0-1

[Event "ICC tourney 2594 (40 10)"]
[Site "Internet Chess Club"]
[Date "2021.06.05"]
[Round "1"]
[White "GAUDEAU, ALAIN D H:attalone"]
[Black "ZHU, FLORINA:Florina12345"]
[Result "0-1"]
[ICCResult "White checkmated"]
[WhiteElo "1700"]
[BlackElo "1492"]
[Opening "King's Indian: 4.e4"]
[ECO "E81"]
[NIC "KI.48"]
[Time "11:33:29"]
[PlyCount "138"]
[TimeControl "2400+10"]

1. d4 Nf6 2. c4 g6 3. Nc3 Bg7 4. e4 d6 5. Be3 O-O 6. f3 Nbd7 7. Nge2 c5 8.
d5 Nb6 9. Ng3 e6 10. Qd2 exd5 11. cxd5 a6 12. Be2 Nbd7 13. O-O Ne5 14. Rab1
b5 15. a3 c4 16. b3 Qc7 17. Rfc1 Bd7 18. bxc4 Nxc4 19. Bxc4 bxc4 20. Rb2
Rab8 21. Rcb1 Rxb2 22. Rxb2 Rb8 23. h3 Be8 24. Qc2 Nd7 25. Nge2 Nc5 26.
Rxb8 Qxb8 27. Bxc5 dxc5 28. Kf2 Qb3 29. Qc1 Bd4+ 30. Kf1 Kg7 31. g4 Ba4 32.
Kg2 Qc2 33. Qxc2 Bxc2 34. f4 Kf6 35. Kf3 Bd3 36. e5+ Ke7 37. h4 Bxe2+ 38.
Nxe2 c3 39. Ke4 f5+ 40. gxf5 gxf5+ 41. Kd3 h5 42. Nxc3 Bf2 43. d6+ Kd7 44.
Nd5 Bxh4 45. Nb6+ Kc6 46. Nc4 Kd7 47. Nb6+ Ke6 48. Ke3 Bd8 49. Nc4 Kd5 50.
Nd2 h4 51. Kf3 c4 52. d7 c3 53. Nb3 Kc4 54. Nc1 c2 55. e6 Kc3 56. Ne2+ Kb2
57. Kg2 c1=Q 58. Nxc1 Kxc1 59. Kf3 Kd2 60. a4 a5 61. Kg2 Ke3 62. Kh3 Kxf4
63. Kg2 Kg4 64. Kh2 f4 65. Kg2 f3+ 66. Kf2 h3 67. Kg1 Kg3 68. Kh1 f2 69. e7
f1=Q# { White checkmated } 0-1

[Event "ICC tourney 2594 (40 10)"]
[Site "Internet Chess Club"]
[Date "2021.06.05"]
[Round "1"]
[White "THAIN, JACK:jt1819"]
[Black "WANG, TED:tedwpnw"]
[Result "1/2-1/2"]
[ICCResult "Game drawn by mutual agreement"]
[WhiteElo "1733"]
[BlackElo "1512"]
[Opening "Sicilian: closed"]
[ECO "B23"]
[NIC "SI.44"]
[Time "11:35:01"]
[PlyCount "110"]
[TimeControl "2400+10"]

1. e4 c5 2. Nc3 e6 3. f4 Nc6 4. Nf3 d5 5. Bb5 Ne7 6. exd5 exd5 7. Qe2 Bd7
8. Nxd5 a6 9. Bxc6 Bxc6 10. Nxe7 Bxe7 11. O-O O-O 12. Re1 Re8 13. Qf2 Bf6
14. Rxe8+ Qxe8 15. c3 Rc8 16. Qe3 Qd7 17. Ne5 Bxe5 18. fxe5 Qd5 19. Qg3 Re8
20. d3 Qxe5 21. Qxe5 Rxe5 22. Kf2 Rf5+ 23. Kg1 Rd5 24. Be3 Rxd3 25. Re1 h6
26. Kf2 c4 27. g3 b5 28. Ke2 a5 29. Rf1 Rd6 30. a3 Be4 31. Ke1 Bd3 32. Rf4
g5 33. Rd4 Re6 34. Kf2 Rf6+ 35. Kg2 Kh7 36. Rd8 Re6 37. Kf2 Re5 38. Rd7
Rf5+ 39. Kg2 Bf1+ 40. Kg1 Bh3 41. Rd1 Kg6 42. Bf2 Re5 43. Re1 Rxe1+ 44.
Bxe1 Kf5 45. Kf2 Ke4 46. Ke2 Bg4+ 47. Kd2 Kf3 48. h4 f5 49. hxg5 hxg5 50.
Kc2 f4 51. gxf4 gxf4 52. a4 bxa4 53. Kd2 Ke4 54. Bf2 a3 55. bxa3 a4 { Game
drawn by mutual agreement } 1/2-1/2

[Event "ICC tourney 2594 (40 10)"]
[Site "Internet Chess Club"]
[Date "2021.06.05"]
[Round "1"]
[White "SKARIAH, ANUSHKA ELIZABETH:kskariah"]
[Black "HEBBAR, ESHAAN:solveur"]
[Result "1-0"]
[ICCResult "Black checkmated"]
[WhiteElo "1465"]
[BlackElo "1677"]
[Opening "KGD: classical variation"]
[ECO "C30"]
[NIC "KG.05"]
[Time "12:19:02"]
[PlyCount "31"]
[TimeControl "2400+10"]

1. e4 e5 2. f4 Bc5 3. Nf3 d6 4. Nc3 Nc6 5. Bc4 Nf6 6. f5 O-O 7. d3 Ng4 8.
Bg5 Qd7 9. Qe2 h6 10. h3 Nf2 11. Rf1 hxg5 12. Nxg5 Na5 13. Qh5 Rd8 14. Qh7+
Kf8 15. Qh8+ Ke7 16. Nd5# { Black checkmated } 1-0

[Event "ICC tourney 2594 (40 10)"]
[Site "Internet Chess Club"]
[Date "2021.06.05"]
[Round "1"]
[White "MISRA, PRAGYAN:SoaringHawk24"]
[Black "ZHU, RYAN:Ryan123455"]
[Result "0-1"]
[ICCResult "White checkmated"]
[WhiteElo "1513"]
[BlackElo "1739"]
[Opening "Sicilian: Najdorf"]
[ECO "B90"]
[NIC "SI.14"]
[Time "11:42:45"]
[PlyCount "172"]
[TimeControl "2400+10"]

1. e4 c5 2. Nf3 d6 3. d4 cxd4 4. Nxd4 Nf6 5. Nc3 a6 6. f3 e5 7. Nb3 Be6 8.
Be3 Be7 9. Qd2 O-O 10. O-O-O b5 11. g4 Nbd7 12. h4 b4 13. Na4 Qc7 14. Kb1
d5 15. g5 d4 16. Bxd4 Bxb3 17. axb3 exd4 18. gxf6 Nxf6 19. Bc4 Rfd8 20.
Rhg1 Bd6 21. Qg5 Ne8 22. Rxd4 Bf4 23. Rxd8 Rxd8 24. Qg4 Qd6 25. Qh5 g6 26.
Qd5 Qc7 27. Qc5 Qxc5 28. Nxc5 Be3 29. Nb7 Rb8 30. Re1 Bb6 31. Bxa6 Nc7 32.
Bc4 Rxb7 33. Rd1 Ne8 34. Bb5 Ng7 35. Bc6 Rb8 36. Rd7 Ne6 37. Bd5 Rd8 38.
Rb7 Bf2 39. Rxb4 Bxh4 40. Rb6 Nc7 41. Bc4 Bg3 42. b4 Kg7 43. Rb7 h5 44. b5
Rd6 45. Ka2 Ne6 46. b6 Bf2 47. Bf1 Rxb6 48. Rxb6 Bxb6 49. Kb3 Nd4+ 50. Kc4
Nxc2 51. b4 Ne3+ 52. Kb5 Nxf1 53. Kxb6 Ne3 54. b5 h4 55. Kc5 h3 56. b6 h2
57. b7 h1=Q 58. b8=Q Qxf3 59. Qe5+ Qf6 60. Qg3 Qc3+ 61. Kb5 Qb3+ 62. Kc5
Qc2+ 63. Kb5 Qxe4 64. Ka5 Qd5+ 65. Kb4 Qc4+ 66. Ka5 Qc5+ 67. Ka4 Nc4 68.
Qc3+ Kg8 69. Qe1 Qa5+ 70. Qxa5 Nxa5 71. Kxa5 g5 72. Kb4 g4 73. Kc3 g3 74.
Kd2 g2 75. Ke1 g1=Q+ 76. Ke2 f5 77. Kf3 f4 78. Kxf4 Qe1 79. Kf5 Qe3 80. Kf6
Qe4 81. Kg5 Qf3 82. Kg6 Qf4 83. Kh5 Qg3 84. Kh6 Kf7 85. Kh5 Kf6 86. Kh6
Qh3# { White checkmated } 0-1

[Event "ICC tourney 2594 (40 10)"]
[Site "Internet Chess Club"]
[Date "2021.06.05"]
[Round "1"]
[White "BOYINEPALLY, KIRAN:BoyinK-99"]
[Black "Mehta, Vishal:mehtvi2"]
[Result "0-1"]
[ICCResult "White resigns"]
[WhiteElo "1569"]
[BlackElo "1899"]
[Opening "Queen's pawn"]
[ECO "A40"]
[NIC "QO.17"]
[Time "11:33:33"]
[PlyCount "161"]
[TimeControl "2400+10"]

1. d4 c6 2. c4 d6 3. Nc3 Qc7 4. d5 Nf6 5. e4 e5 6. h3 Be7 7. Bd3 O-O 8.
Nge2 Nbd7 9. Be3 Nc5 10. Bc2 a5 11. O-O Nh5 12. Ng3 Nf4 13. Bxf4 exf4 14.
Nf5 g6 15. Nxe7+ Qxe7 16. Re1 Qg5 17. Qf3 Nd7 18. Ne2 Ne5 19. Qxf4 Qxf4 20.
Nxf4 Nxc4 21. b3 Na3 22. Bd3 c5 23. e5 b5 24. Rac1 Ba6 25. exd6 c4 26. Bf1
Rfd8 27. bxc4 Nxc4 28. a4 Nxd6 29. Rc6 Bb7 30. Rb6 bxa4 31. Ra1 Rac8 32.
Rxa4 Rc5 33. g4 Bxd5 34. Nxd5 Rxd5 35. Bg2 Rd1+ 36. Kh2 Rd2 37. Kg3 Kg7 38.
Ra6 Rc8 39. R6xa5 Rc3+ 40. Bf3 h6 41. Ra3 Rcc2 42. Ra6 Nc4 43. Rb3 Ne5 44.
Re3 Nd3 45. Be4 Nc5 46. Bxc2 Nxa6 47. Bd3 Nc5 48. Bc4 Rd7 49. Re5 Nb7 50.
f3 g5 51. Rd5 Rc7 52. Ba6 Nc5 53. Bb5 Ne6 54. Rd7 Rc2 55. Bd3 Rb2 56. Bc4
Nf4 57. Rxf7+ Kg6 58. Rxf4 gxf4+ 59. Kh4 Rh2 60. Bd3+ Kf6 61. Be4 Ke5 62.
Ba8 Kd4 63. Kh5 Rxh3+ 64. Kg6 Ke3 65. Bc6 Kf2 66. Kf5 Kg3 67. Be4 Rh2 68.
Bd5 Rb2 69. Kg6 Rb6+ 70. Kg7 Rd6 71. Be4 Kh4 72. Kf7 Kg5 73. Ke7 Rb6 74.
Kd7 Rb4 75. Bf5 Rb3 76. Be4 Re3 77. Kd6 Rxe4 78. fxe4 f3 79. e5 f2 80. e6
f1=Q 81. e7 { White resigns } 0-1

[Event "ICC tourney 2594 (40 10)"]
[Site "Internet Chess Club"]
[Date "2021.06.05"]
[Round "1"]
[White "JIN, DAVID:smartgoldfish"]
[Black "MOERLIEN, PUWIT SKY:SuperBlueSky"]
[Result "0-1"]
[ICCResult "White checkmated"]
[WhiteElo "1461"]
[BlackElo "1671"]
[Opening "Scotch gambit: Dubois-Réti defense"]
[ECO "C55"]
[NIC "KP.02"]
[Time "11:33:34"]
[PlyCount "138"]
[TimeControl "2400+10"]

1. e4 e5 2. Nf3 Nc6 3. d4 exd4 4. Bc4 Nf6 5. e5 d5 6. Bb5 Ne4 7. Nxd4 Bd7
8. Bxc6 bxc6 9. O-O Bc5 10. c3 O-O 11. Be3 Bb6 12. b4 Qe7 13. f3 Ng5 14. f4
Ne4 15. Qc2 f6 16. exf6 Rxf6 17. Nd2 Ng3 18. Rfe1 Nf5 19. Nf1 Nxe3 20. Rxe3
Bxd4 21. cxd4 Qxb4 22. Rd1 Rxf4 23. Rb3 Qd6 24. Ng3 Raf8 25. Qb1 Bg4 26.
Rf1 Rxf1+ 27. Nxf1 Qf4 28. Rb8 Bc8 29. Qe1 Qxd4+ 30. Kh1 Qf6 31. Ng3 d4 32.
h3 d3 33. Kh2 Qd6 34. Qd2 h5 35. h4 Qd8 36. Qb4 d2 37. Qb3+ Kh8 38. Qd1
Qxh4+ 39. Kg1 Qxg3 40. Qxd2 Qd6 41. Qg5 Bg4 42. Rb3 Qd1+ 43. Kh2 Qd6+ 44.
Kg1 Qf6 45. Qa5 Qf1+ 46. Kh2 Qf4+ 47. Kg1 Qf1+ 48. Kh2 Rf2 49. Rg3 Bf3 50.
Qg5 Rxg2+ 51. Rxg2 Qxg2+ 52. Qxg2 Bxg2 53. Kxg2 Kh7 54. Kh3 Kg6 55. Kh4 Kf5
56. Kxh5 c5 57. Kh4 c4 58. Kg3 c3 59. Kf3 c2 60. Ke2 c1=Q 61. a4 Qc4+ 62.
Ke3 Qxa4 63. Kd2 Qb3 64. Ke2 Qc3 65. Kf2 Qd3 66. Ke1 Qc2 67. Kf1 Kf4 68.
Kg1 Kf3 69. Kf1 Qf2# { White checkmated } 0-1

[Event "ICC tourney 2594 (40 10)"]
[Site "Internet Chess Club"]
[Date "2021.06.05"]
[Round "1"]
[White "CAREY, MICHAEL P:xyzchessdude"]
[Black "PULLABHOTLA, ABHINAV:Abhinac123"]
[Result "0-1"]
[ICCResult "White checkmated"]
[WhiteElo "1893"]
[BlackElo "1565"]
[Opening "Réti: advance variation"]
[ECO "A09"]
[NIC "RE.14"]
[Time "11:33:33"]
[PlyCount "84"]
[TimeControl "2400+10"]

1. Nf3 d5 2. c4 d4 3. g3 c5 4. b4 cxb4 5. a3 Nc6 6. axb4 Nxb4 7. d3 e6 8.
Bg2 Nf6 9. Bb2 Nc6 10. O-O Be7 11. e3 dxe3 12. fxe3 O-O 13. d4 Qb6 14. Qe2
Bd7 15. Ba3 Bxa3 16. Nxa3 a6 17. Rfb1 Qc7 18. e4 Rac8 19. e5 Ne8 20. Rc1 f6
21. c5 Ne7 22. Nc4 Bb5 23. Qa2 Bxc4 24. Qxc4 Nd5 25. Qb3 Qf7 26. exf6 Nexf6
27. Ng5 Qd7 28. Re1 Rfe8 29. Bh3 Rc6 30. Rab1 h6 31. Nf3 Rc7 32. Ne5 Qc8
33. Qd3 Nh7 34. Nc4 Ng5 35. Bg4 Qd7 36. Nd6 Re7 37. Qg6 Nf6 38. Bd1 Qc6 39.
Qd3 Nh3+ 40. Kf1 Qh1+ 41. Ke2 Qg2+ 42. Ke3 Qf2# { White checkmated } 0-1